 Dungeon Crawl Stone Soup version 0.26.1-11-gd32895ea62 (webtiles) character file.

Game seed: 5532453192529067866

1234 Tirrikindir the Carver (level 8, 0/81 HPs)
             Began as an Octopode Fighter on May 24, 2021.
             Slain by a jelly (3 damage)
             ... on level 5 of the Dungeon.
             The game lasted 00:11:02 (5564 turns).

Tirrikindir the Carver (Octopode Fighter)           Turns: 5564, Time: 00:11:02

Health: 0/81       AC: -11   Str: 16    XL:     8   Next: 48%
Magic:  8/8        EV: 16    Int: 11    God:
Gold:   170        SH:  9    Dex: 12    Spells: 7/7 levels left

rFire    . . .     SeeInvis .   a - +0 long sword
rCold    . . .     Faith    .   b - +0 kite shield
rNeg     . . .     Spirit   .   (helmet restricted)
rPois    .         Reflect  .   (no amulet)
rElec    .         Harm     .   (no ring)
rCorr    .         Rampage  .   k - +4 ring of evasion
Will     .....                  (no ring)
Stlth    ..........             (no ring)
HPRegen  0.23/turn              (no ring)
MPRegen  0.11/turn              (no ring)
                                (no ring)
                                (no ring)

@: berserking, corroded, very quick
A: almost no armour, stealthy swim, amphibious, 8 rings, constrict 8, camouflage
1, gelatinous body 1
a: no special abilities


You were on level 5 of the Dungeon.
You visited 1 branch of the dungeon, and saw 5 of its levels.
You also visited: Ossuary.

You collected 170 gold pieces.

Inventory:

Hand Weapons
 a - a +0 long sword (weapon)
 g - a +0 short sword
Missiles
 e - 3 silver boomerangs (quivered)
Armour
 b - a +0 kite shield (worn)
Jewellery
 k - a +4 ring of evasion (right tentacle)
Scrolls
 l - 6 scrolls of teleportation
 m - 2 scrolls of remove curse
Potions
 c - a potion of might
 d - 3 potions of berserk rage
 f - 3 potions of brilliance
 h - a potion of cancellation
 i - 2 potions of magic {unknown}
 j - 3 potions of attraction {unknown}
 n - 3 potions of mutation {unknown}
 p - 4 potions of heal wounds {unknown}
 q - a potion of curing {unknown}
 r - 2 potions of ambrosia {unknown}
 u - 2 potions of degeneration {unknown}


   Skills:
 + Level 4.1 Fighting
 * Level 8.1 Long Blades
 * Level 4.2 Dodging
 + Level 4.2 Stealth
 * Level 4.2 Shields


You had 7 spell levels left.
You didn't know any spells.
Your spell library was empty.

Dungeon Overview and Level Annotations

Branches:
Dungeon (5/15)            Ossuary (visited)
 Temple: D:4-7

Altars:
Dithmenos
Makhleb
Nemelex Xobeh
Okawaru
Qazlal
Sif Muna
Trog
Uskayaw
Vehumet
The Shining One

Annotations:
D:3 2 transporters, Zeld's ghost, amateur OpMo


Innate Abilities, Weirdness & Mutations

You cannot wear most types of armour.
You are very stealthy in the water. (Stealth+)
You are amphibious.
You can wear up to eight rings at the same time.
You can use your tentacles to constrict eight enemies at once.
Your skin changes colour to match your surroundings (Stealth+).
Your rubbery body absorbs attacks. (AC +1, EV +1)


Message History

The jelly barely misses you. The ball python barely misses you.
* * * LOW HITPOINT WARNING * * *
The ball python constricts you.
Okay, then.
As you read the scroll labelled FELECY CI WOFE, it crumbles to dust.
You hear a loud clanging noise!
It was a scroll of noise.
You block the jelly's attack. The ball python misses you.
* * * LOW HITPOINT WARNING * * *
The ball python constricts you.
A red film seems to cover your vision as you go berserk!
You feel yourself moving faster!
You feel mighty! You block the ball python's attack.
* * * LOW HITPOINT WARNING * * *
The ball python constricts you. You block the jelly's attack.
You slash the ball python!
You kill the ball python!
The jelly jiggles.
The jelly hits you.
You die...

.....<..........#**...,,,*
#.#.......#.#*..###.=#*,**
#.#.##.#..#.###..#..#**.*
#.#....#.....##.....##..***
#.######..(.............,,**
[..........##.........#*,,,*
#.######..####..._...##**,,*
...........##.........##,,,*
#.######........@$......,,,*
#.#*,.....#..##..J..##..,,,*
#.##.######.#*#.)#..#**,*,*****
)...........**..###..#*,,,,,,>*
#.##.######,,...#*#....,*****,*
#.##.# *,#.#..#...##.*****,*
#.##.# *,#.#.....,.,,,,,,,,*
#.##.# *,#......####.#******
#.##.######.****#...# #.#


You could see a jelly.

Vanquished Creatures
  4 ogres
  2 water moccasin zombies (Ossuary)
  3 scorpions
  2 orc priests
  A bullfrog skeleton (D:4)
  4 orc wizards
  A hound (D:5)
  5 worker ants
  2 mummies (Ossuary)
  6 gnolls
  11 adders
  A white imp (D:5)
  An ooze (D:1)
  2 adder zombies (Ossuary)
  An adder skeleton (D:4)
  3 dart slugs
  7 leopard geckos
  2 orcs (D:4)
  5 giant cockroaches
  2 gnoll zombies (Ossuary)
  9 goblins
  11 hobgoblins
  A quokka (D:4)
  7 ball pythons
  7 bats
  12 frilled lizards
  4 hobgoblin zombies (Ossuary)
  A jackal skeleton (D:5)
  10 kobolds
  5 kobold zombies (Ossuary)
  A leopard gecko skeleton (D:4)
  4 orc zombies (Ossuary)
  A quokka skeleton (D:4)
  9 rats
147 creatures vanquished.

Notes
Turn   | Place    | Note
-------+----------+-------------------------------------------
     0 | D:1      | Tirrikindir the Octopode Fighter began the quest for the
                  | Orb.
     0 | D:1      | Reached XP level 1. HP: 16/16 MP: 1/1
   262 | D:1      | Reached XP level 2. HP: 21/21 MP: 2/2
   305 | D:1      | Reached skill level 1 in Stealth
   402 | D:1      | Reached XP level 3. HP: 21/26 MP: 3/3
   995 | D:2      | Reached skill level 3 in Long Blades
   995 | D:2      | Reached XP level 4. HP: 27/31 MP: 4/4
  1106 | D:2      | Found a stormy altar of Qazlal.
  1107 | D:2      | Found a burning altar of Makhleb.
  1407 | D:2      | Found a glowing golden altar of the Shining One.
  1457 | D:2      | Reached XP level 5. HP: 31/36 MP: 5/5
  1647 | D:2      | Found an iron altar of Okawaru.
  1951 | D:3      | Found a transporter.
  1984 | D:3      | Found a transporter.
  1984 | D:3      | Noticed Zeld's ghost (amateur OpMo)
  2253 | D:3      | Found a sparkling altar of Nemelex Xobeh.
  2990 | D:4      | Found a stormy altar of Qazlal.
  3004 | D:4      | Reached XP level 6. HP: 43/43 MP: 6/6
  3021 | D:4      | Found a bloodstained altar of Trog.
  3024 | D:4      | Found a shimmering blue altar of Sif Muna.
  3025 | D:4      | Found a radiant altar of Vehumet.
  3096 | D:4      | Reached skill level 4 in Long Blades
  3394 | D:4      | Reached skill level 5 in Long Blades
  3394 | D:4      | Reached XP level 7. HP: 48/48 MP: 7/7
  4021 | D:4      | Reached skill level 6 in Long Blades
  4373 | D:5      | Entered Level 5 of the Dungeon
  4502 | D:5      | Found a sand-covered staircase.
  4511 | Ossuary  | Entered an ossuary
  4579 | Ossuary  | Reached skill level 7 in Long Blades
  4579 | Ossuary  | Reached XP level 8. HP: 46/54 MP: 8/8
  5022 | D:5      | Reached skill level 8 in Long Blades
  5128 | D:5      | Found a hide-covered altar of Uskayaw.
  5546 | D:5      | Found a shadowy altar of Dithmenos.
  5562 | D:5      | HP: 2/54 [ball python (1)]
  5564 | D:5      | Slain by a jelly

Illustrated notes

Levels and vault maps discovered:
D:1:      dpeg_chamrin_arrival_tetris, layout_rooms
D:2:      layout_loops_cross, lemuel_crystal_altar, okawaru_ov_weapons_minmay,
          lemuel_crystal_altar, tso_metal_star, serial_aquarium,
          aquarium_bridge_long_joined [aquarium_subvault_bridge,
          aquarium_subvault_balcony, aquarium_subvault_balcony,
          aquarium_subvault_window, aquarium_subvault_balcony,
          aquarium_subvault_bridge], aquarium_window_corridor_1,
          aquarium_window_fake, aquarium_view_2e
D:3:      layout_basic, general_overflow_altar, gammafunk_ghost_mausoleum,
          nrook_mini_backslash
D:4:      layout_loops_corners, minitemple, nicolae_qazlal_general_emergency
D:5:      layout_basic, nicolae_dithmenos_shadow_blocks,
          eat_drink_and_be_merry_uskayaw, enter_ossuary_3

Skill      XL: |  1  2  3  4  5  6  7  8 |
---------------+-------------------------+-----
Stealth        | 1 2 4 |  4.2
Long Blades    | 3 5 7 8 |  8.1
Shields        | 4 |  4.2
Fighting       | 4 |  4.1
Dodging        | 4 |  4.2

Action                   |  1- 3 |  4- 6 |  7- 9 || total
-------------------------+-------+-------+-------++-------
Melee: Long sword        |    62 |   106 |   118 ||   286
       Constrict         |    15 |    30 |    40 ||    85
       Tentacles         |    10 |    24 |    26 ||    60
  Use: Scroll            |     1 |     5 |     5 ||    11
       Potion            |       |       |     1 ||     1
 Stab: Sleeping          |     2 |    16 |    12 ||    30
       Distracted        |       |       |     1 ||     1
Armor: Skin              |     8 |     6 |     2 ||    16
Dodge: Dodged            |    41 |    57 |    61 ||   159
Block: Kite shield       |    16 |    19 |    39 ||    74
       Buckler           |     2 |    11 |       ||    13
       Rpst.: Long sword |     7 |    14 |    22 ||    43
